 Dungeon Crawl Stone Soup version 0.23.1 (webtiles) character file.

Game seed: 14778509018515766417

6993 Laiders72 the Basher (level 10, -3/93 HPs)
             Began as a Minotaur Berserker on Mar 8, 2019.
             Was a High Priest of Trog.
             Slain by a komodo dragon (24 damage)
             ... on level 11 of the Dungeon.
             The game lasted 00:26:41 (9564 turns).

Laiders72 the Basher (Minotaur Berserker)           Turns: 9564, Time: 00:26:42

Health: -3/93      AC: 13    Str: 23    XL:     10   Next: 81%
Magic:  9/9        EV: 11    Int:  4    God:    Trog [*****.]
Gold:   503        SH:  0    Dex: 12    Spells: 9/9 levels left

rFire    . . .     SeeInvis .   K - +2 flail (crush)
rCold    . . .     Gourm    .   (no shield)
rNeg     . . .     Faith    .   f - +0 shadow dragon scales
rPois    .         Spirit   .   (helmet restricted)
rElec    .         Reflect  .   (no cloak)
rCorr    .         Harm     .   (no gloves)
MR       ++++.                  (no boots)
Stlth    ++........             z - amulet of the acrobat
HPRegen  1.25/turn              k - ring of protection from magic
MPRegen  0.11/turn              v - ring of protection from magic

@: regenerating, lightly drained
A: retaliatory headbutt, horns 2
a: Berserk, Trog's Hand, Brothers in Arms, Renounce Religion


You were on level 11 of the Dungeon.
You worshipped Trog.
Trog was extremely pleased with you.
You were near starving.

You visited 1 branch of the dungeon, and saw 11 of its levels.
You also visited: Ossuary.

You collected 503 gold pieces.

Inventory:

Hand Weapons
 D - a cursed -2 morningstar
 K - a +2 flail of crushing (weapon)
Missiles
 q - 8 tomahawks (quivered)
 J - 3 throwing nets
Armour
 f - +0 shadow dragon scales (worn)
 I - the +3 leather armour of Lydout {rN+ Str+4 Int+3}
   (You found it on level 8 of the Dungeon)

   It affects your strength (+4).
   It affects your intelligence (+3).
   It protects you from negative energy.
Jewellery
 k - a ring of protection from magic (left hand)
 v - a ring of protection from magic (right hand)
 z - an amulet of the acrobat (around neck)
Wands
 p - a wand of iceblast (7)
 t - a wand of flame (44)
 w - a wand of polymorph (20)
 y - a wand of scattershot (4)
Scrolls
 d - 7 scrolls of teleportation
 e - 4 scrolls of amnesia {unknown}
 h - 5 scrolls of remove curse
 i - 3 scrolls of blinking {unknown}
 j - 5 scrolls of identify
 n - 3 scrolls of enchant armour {unknown}
 o - 2 scrolls of immolation {unknown}
 u - 2 scrolls of summoning {unknown}
 C - 2 scrolls of fog {unknown}
 E - a scroll of noise {unknown}
 G - 2 scrolls of magic mapping {unknown}
Potions
 a - a potion of flight {unknown}
 b - a potion of brilliance {unknown}
 g - 3 potions of berserk rage
 l - 5 potions of cancellation
 m - 5 potions of curing
 s - a potion of might {unknown}
 x - 3 potions of lignification
 A - 4 potions of haste
 B - 3 potions of heal wounds
 F - a potion of magic {unknown}
Comestibles
 c - 21 rations


   Skills:
 - Level 10.0(9.9) Fighting
 - Level 14.0(13.9) Maces & Flails
 + Level 7.8 Armour
 + Level 7.1 Dodging


You had 9 spell levels left.
You didn't know any spells.
Your spell library was empty.

Dungeon Overview and Level Annotations

Branches:
Dungeon (11/15)            Temple (0/1) D:4
   Lair: D:8-11         Orc: D:9-12

Altars:
Cheibriados
Dithmenos
Fedhas
Gozag
Hepliaklqana
Kikubaaqudgha
Makhleb
Okawaru
Qazlal
Ru
Uskayaw
Wu Jian
Zin
The Shining One
Beogh

Shops:
D:6 }


Innate Abilities, Weirdness & Mutations

You reflexively headbutt those who attack you in melee.
You have a pair of horns on your head.


Message History

You feel somewhat more hungry. The komodo dragon closely misses you.
The centaur shoots an arrow.
The arrow hits you but does no damage.
Your two-headed ogre goes berserk!
You are near starving!
The centaur shoots an arrow.
The arrow hits you but does no damage. The komodo dragon barely misses you.
You feel much better.
The centaur shoots an arrow.
The arrow hits you but does no damage. The komodo dragon bites you!!
The centaur shoots an arrow.
The arrow hits you.
You hit the komodo dragon but do no damage.
You headbutt the komodo dragon!
The komodo dragon is moderately wounded.
The komodo dragon bites you!
* * * LOW HITPOINT WARNING * * *
The centaur shoots an arrow.
The arrow hits you.
* * * LOW HITPOINT WARNING * * *
You hit the komodo dragon.
The komodo dragon is heavily wounded.
The komodo dragon bites you!!
You die...

##....................#.
##.##.(..#.............
#####...##............
#.................#
##(................
##....#........#....
#....c..............
###.##)#...........##
#..O@l{...........# #
#.....##........ ...
.....## #........ ##.##
......... . .. .........
.. . .......... ...
#......... ...
##........ ..


You could see a komodo dragon and a friendly two-headed ogre (berserk).

Vanquished Creatures
  Harold (D:8)
  Grinder (D:3)
  2 hippogriffs
  A shadow (D:10)
  Sigmund (D:2)
  2 yaks (D:10)
  A human (D:10)
  2 hogs (D:10)
  4 sky beasts
  2 ice beasts
  3 orc warriors
  A phantom (D:6)
  5 ogres
  A centaur (D:8)
  A crocodile (D:10)
  Blork the orc (D:4)
  2 big kobolds
  An elf zombie (D:7)
  An elf skeleton (D:7)
  2 bullfrogs
  A scorpion (D:9)
  A wyvern skeleton (D:9)
  8 killer bees
  4 wights (D:11)
  3 howler monkeys
  2 bullfrog zombies (D:6)
  7 crimson imps
  A quasit (D:9)
  7 hounds
  7 human zombies (Ossuary)
  9 orc priests
  5 centaur zombies (Ossuary)
  A bullfrog skeleton (D:7)
  3 iguanas
  3 jellies
  6 orc wizards
  A human skeleton (D:7)
  5 worker ants
  3 mummies (Ossuary)
  9 gnolls
  9 adders
  2 shadow imps
  2 oozes (D:1)
  An adder skeleton (D:5)
  An adder zombie (D:9)
  A dart slug (D:2)
  A worm (D:3)
  4 leopard geckos
  17 orcs
  3 ball pythons
  7 giant cockroaches
  6 goblins
  6 hobgoblins
  2 jackals (D:7)
  3 quokkas
  A ball python zombie (D:5)
  5 bats
  3 frilled lizards
  A goblin skeleton (D:4)
  A goblin zombie (D:4)
  4 hobgoblin zombies (D:4)
  A jackal skeleton (D:4)
  17 kobolds
  A kobold skeleton (D:4)
  2 kobold zombies (D:4)
  2 orc skeletons (D:7)
  3 orc zombies
  13 rats
240 creatures vanquished.

Vanquished Creatures (others)
  An orc (D:8)
1 creature vanquished.

Grand Total: 241 creatures vanquished

Notes
Turn   | Place    | Note
-------+----------+-------------------------------------------
     0 | D:1      | Laiders72 the Minotaur Berserker began the quest for the
                  | Orb.
     0 | D:1      | Reached XP level 1. HP: 19/19 MP: 0/0
   134 | D:1      | Reached skill level 4 in Maces & Flails
   145 | D:1      | Reached XP level 2. HP: 10/27 MP: 1/1
   669 | D:1      | Reached XP level 3. HP: 31/33 MP: 2/2
   670 | D:1      | Reached ** piety under Trog
  1082 | D:2      | Reached skill level 5 in Maces & Flails
  1135 | D:2      | Noticed Sigmund
  1148 | D:2      | Killed Sigmund
  1148 | D:2      | Reached skill level 5 in Fighting
  1148 | D:2      | Reached skill level 6 in Maces & Flails
  1148 | D:2      | Reached XP level 4. HP: 42/42 MP: 3/3
  1148 | D:2      | Reached XP level 5. HP: 48/48 MP: 4/4
  1453 | D:2      | Found a burning altar of Makhleb.
  1454 | D:2      | Noticed an Executioner
  1577 | D:3      | Reached skill level 7 in Maces & Flails
  1577 | D:3      | Reached XP level 6. HP: 56/56 MP: 5/5
  1646 | D:3      | Noticed Grinder
  1665 | D:3      | Killed Grinder
  1665 | D:3      | Reached skill level 8 in Maces & Flails
  1665 | D:3      | Reached XP level 7. HP: 51/63 MP: 6/6
  1811 | D:3      | Found a sacrificial altar of Ru.
  2065 | D:3      | Reached *** piety under Trog
  2136 | D:4      | Found a stormy altar of Qazlal.
  2185 | D:4      | Found a glowing golden altar of the Shining One.
  2617 | D:4      | Reached skill level 9 in Maces & Flails
  2637 | D:4      | Noticed Blork the orc
  2652 | D:4      | Killed Blork the orc
  2839 | D:4      | Found a staircase to the Ecumenical Temple.
  3028 | D:5      | Entered Level 5 of the Dungeon
  3141 | D:5      | Reached XP level 8. HP: 46/73 MP: 7/7
  3146 | D:5      | Reached skill level 10 in Maces & Flails
  3541 | D:5      | Found a blossoming altar of Fedhas.
  3936 | D:6      | Found a hazy altar of Hepliaklqana.
  4129 | D:6      | Reached skill level 11 in Maces & Flails
  4268 | D:6      | Found a hide-covered altar of Uskayaw.
  4324 | D:6      | Found Doinegim's Gadget Boutique.
  4571 | D:6      | Noticed a hippogriff
  4577 | D:6      | Killed a hippogriff
  4577 | D:6      | Reached **** piety under Trog
  5017 | D:7      | Found a glowing silver altar of Zin.
  5018 | D:7      | Found an opulent altar of Gozag.
  5022 | D:7      | Reached XP level 9. HP: 62/82 MP: 8/8
  5075 | D:7      | Found an ancient bone altar of Kikubaaqudgha.
  5081 | D:7      | Reached skill level 12 in Maces & Flails
  5091 | D:7      | Found a snail-covered altar of Cheibriados.
  5091 | D:7      | Found a shadowy altar of Dithmenos.
  5092 | D:7      | Found an iron altar of Okawaru.
  5185 | D:7      | Found a sand-covered staircase.
  5192 | Ossuary  | Entered an ossuary
  5833 | D:7      | Reached skill level 13 in Maces & Flails
  5961 | D:7      | Reached skill level 10 in Fighting
  6563 | D:8      | Reached skill level 14 in Maces & Flails
  6566 | D:8      | Reached ***** piety under Trog
  6934 | D:8      | Reached XP level 10. HP: 89/93 MP: 9/9
  7008 | D:8      | Got a brightly glowing leather armour
  7009 | D:8      | Identified the +3 leather armour of Lydout {rN+ Str+4
                  | Int+3} (You found it on level 8 of the Dungeon)
  7116 | D:8      | Noticed Harold
  7135 | D:8      | Killed Harold
  7168 | D:8      | Found a roughly hewn altar of Beogh.
  7175 | D:8      | Reached skill level 5 in Armour
  7753 | D:9      | Reached skill level 5 in Dodging
  8015 | D:9      | Found an ornate altar of the Wu Jian Council.
  8652 | D:10     | Entered Level 10 of the Dungeon
  9564 | D:11     | Slain by a komodo dragon

Skill      XL: |  1  2  3  4  5  6  7  8  9 10 |
---------------+-------------------------------+-----
Maces & Flails | 4 6 7 8 9 11 14 | 14.0
Fighting       | 4 5 6 7 8 10 | 10.0
Armour         | 3 7 |  7.8
Dodging        | 7 |  7.1

Action                   |  1- 3 |  4- 6 |  7- 9 | 10-12 || total
-------------------------+-------+-------+-------+-------++-------
Melee: Mace              |    52 |    55 |    25 |       ||   132
       Headbutt          |     9 |     6 |    69 |    36 ||   120
       Flail             |       |       |   375 |   204 ||   579
Invok: Trog's Hand       |     1 |     2 |     1 |     1 ||     5
       Berserk           |     1 |     1 |     2 |     2 ||     6
       Brothers in Arms  |       |       |       |     1 ||     1
  Use: Scroll            |       |     3 |     7 |     4 ||    14
       Potion            |       |       |       |     1 ||     1
  Eat: Chunk             |     1 |     4 |    16 |     9 ||    30
       Ration            |       |       |     1 |       ||     1
Armor: Animal skin       |     8 |       |       |       ||     8
       Leather armour    |    14 |    25 |    58 |       ||    97
       Plate armour      |       |       |    28 |    87 ||   115
       Shadow dragon sca |       |       |       |    20 ||    20
Dodge: Dodged            |    44 |    49 |   238 |   107 ||   438
